 Dungeon Crawl Stone Soup version 0.30.0 (webtiles) character file.

Game seed: 776323545823537216

0 dialectric the Sneak (level 1, 0/11 HPs)
             Began as a Spriggan Delver on May 6, 2023.
             Slain by an iguana (11 damage)
             ... on level 5 of the Dungeon.
             The game lasted 00:00:22 (72 turns).

dialectric the Sneak (Spriggan Delver)                Turns: 72, Time: 00:00:23

Health: 0/11       AC:  2    Str:  8    XL:     1   Next: 8%
Magic:  2/2        EV: 17    Int: 11    God:
Gold:   0          SH:  0    Dex: 16    Spells: 0/0 levels left

rFire   . . .        a - +0 short sword
rCold   . . .        (no shield)
rNeg    . . .        b - +0 robe
rPois   .            (helmet restricted)
rElec   .            (no cloak)
rCorr   .            (gloves unavailable)
SInv    +            (boots unavailable)
Will    .....        (no amulet)
Stlth   ++++         (no ring)
HPRegen 0.21/turn    (no ring)
MPRegen 0.08/turn

%: no passive effects
@: very quick
A: very small, no large weapons, unfitting armour, see invisible, speed 3
a: no special abilities


You were on level 5 of the Dungeon.
You visited 1 branch of the dungeon, and saw 1 of its levels.

Inventory:

Hand Weapons
 a - a +0 short sword (weapon)
Armour
 b - a +0 robe (worn)
Wands
 g - a wand of digging (3)
 h - a wand of roots (7)
Scrolls
 c - a scroll of fog
 d - 2 scrolls of magic mapping
 e - a scroll of fear
Potions
 f - a potion of haste


   Skills:
 + Level 2.4 Fighting
 + Level 2.1 Short Blades
 + Level 2.6 Dodging
 + Level 7.3 Stealth


You couldn't memorise any spells.
You didn't know any spells.
Your spell library was empty.

Dungeon Overview and Level Annotations

Branches:
Dungeon (5/15)
 Temple: D:4-7

Altars:
Ru


Innate Abilities, Weirdness & Mutations

You are very small and have problems with some larger weapons.
You are too small for most types of armour.
You have supernaturally acute eyesight. (SInv)
You cover ground extremely quickly. (Speed+++)


Message History

A bat comes into view.
Okay, then.
A goblin comes into view. It is wielding a +0 club.
The goblin shouts!
The bat barely misses you.
The orc wizard hits you with a +0 dagger.
The bat barely misses you.
You open the door.
Found a chain mail.
There is an open door here.
The bat attacks as you move away! The bat closely misses you.
Found a scroll of magic mapping and a curved gold wand.
The bat attacks as you move away! The bat closely misses you.
Found 13 gold pieces.
The bat barely misses you.
You see here a scroll of magic mapping.
d - 2 scrolls of magic mapping (gained 1)
Found a stone.
A sleepcap comes into view.
Found a potion of haste.
You see here a wand of roots (7).
h - a wand of roots (7)
The bat closely misses you. The bat attacks as you move away!
The bat misses you. The bat attacks as you move away!
The bat closely misses you.
An iguana comes into view.
The bat attacks as you move away! The bat misses you.
The bat completely misses you. The bat attacks as you move away!
The bat barely misses you.
A quokka comes into view.
Found a scroll labelled JASIHOUL USTAF.
The bat attacks as you move away! The bat misses you. x2
The iguana hisses angrily.
You barely miss the iguana. The bat closely misses you.
You barely miss the iguana. The iguana misses you.
You barely miss the iguana. The iguana closely misses you.
The bat barely misses you.
You hit the iguana but do no damage. The bat closely misses you.
The iguana bites you!
Ouch! That really hurt!
You die...

######### #.......#
#.......#
#.......######
########............###
..............b@l.....#
.............g........#
f................r....#
.....................?#
..$......o####........#
..........# ##########
..........######
!(.............####
.##########....[...


You could see an iguana, an orc wizard (mute), a quokka, a goblin (corona) and a
bat (slow).

Vanquished Creatures
  A frilled lizard (D:5)
1 creature vanquished.

Notes
Turn   | Place    | Note
-------+----------+-------------------------------------------
     0 | D:5      | dialectric the Spriggan Delver began the quest for the Orb.
     0 | D:5      | Reached XP level 1. HP: 11/11 MP: 2/2
    36 | D:5      | Found a sacrificial altar of Ru.
    36 | D:5      | Noticed an orc wizard
    59 | D:5      | Noticed a sleepcap
    62 | D:5      | Noticed an iguana
    72 | D:5      | Slain by an iguana

Illustrated notes

Levels and vault maps discovered:
D:5:      layout_basic, slow_altar_2, nicolae_ru_great_annihilating_truth,
          glass_columns_a, minmay_diced_spiral

Action                     || total
---------------------------++-------
  Melee: Short sword       ||     5
   Stab: Sleeping          ||     1
  Dodge: Dodged            ||    18
